 Dungeon Crawl Stone Soup version 0.30-b1-2-g02819fbbbe (webtiles) character file.

Game seed: 8523951844530394029

7127 MisterFreud the Nimble (level 10, -7/76 HPs)
             Began as a Felid Berserker on Aug 24, 2023.
             Was an Elder of Trog.
             Mangled by a two-headed ogre
             ... wielding a +1 dire flail of protection
              (10 damage)
             ... on level 11 of the Dungeon.
             The game lasted 00:14:25 (9294 turns).

MisterFreud the Nimble (Felid Berserker)            Turns: 9294, Time: 00:14:27

Health: -7/76      AC:  2    Str: 19    XL:     10   Next: 85%
Magic:  11/11      EV: 27    Int: 10    God:    Trog [****..]
Gold:   765        SH:  0    Dex: 19    Spells: 9/9 levels left
                                        Lives:  0   Deaths: 3

rFire   . .          .
                       - Unarmed
rCold   . . .        (shield unavailable)
rNeg    . . .        (body armour unavailable)
rPois   .            (helmet unavailable)
rElec   .            (cloak unavailable)
rCorr   .            (gloves unavailable)
SInv    +            (boots unavailable)
Will    ++...        p - amulet of faith Stlth
                     f - ring of willpower
HPRegen 0.32/turn    t - +6 ring of strength
MPRegen 0.12/turn

%: faith
@: berserking, very quick
A: very small, claws 1, fangs 3, see invisible, speed 1, shaggy fur 2, stealthy
paws, no weapons or thrown items, no armour, multi-lived
a: Renounce Religion, Berserk, Trog's Hand, Brothers in Arms


You were on level 11 of the Dungeon.
You worshipped Trog.
Trog was greatly pleased with you.
You visited 1 branch of the dungeon, and saw 11 of its levels.

You collected 765 gold pieces.

Inventory:

Jewellery
 f - a ring of willpower (left paw)
 g - a ring of flight
 j - an amulet of regeneration
 l - an amulet of the acrobat
 n - a ring of protection from cold
 p - an amulet of faith (around neck)
 t - a +6 ring of strength (right paw)
 x - a +6 ring of strength
 y - a ring of resist corrosion
Wands
 s - a wand of polymorph (11)
 u - a wand of digging (5)
 v - a wand of acid (7)
Scrolls
 c - 4 scrolls of teleportation
 e - 5 scrolls of identify
 m - 2 scrolls of fog
 r - a scroll of magic mapping
Potions
 a - a potion of berserk rage
 b - 5 potions of curing
 d - 2 potions of might
 h - a potion of haste
 i - 2 potions of flight
 k - a potion of cancellation
 o - a potion of magic
 q - a potion of ambrosia
 w - a potion of heal wounds


   Skills:
 - Level 10.0 Fighting
 + Level 12.9 Dodging
 - Level 10.0 Stealth
 - Level 10.0 Unarmed Combat
 + Level 4.0 Evocations


You had 9 spell levels left.
You didn't know any spells.
Your spell library was empty.

Dungeon Overview and Level Annotations

Branches:
Dungeon (11/15)            Temple (0/1) D:6            Lair (0/5) D:9
    Orc: D:9-12

Altars:
Ashenzari
Dithmenos
Elyvilon
Fedhas
Gozag
Qazlal
Ru
Sif Muna
Uskayaw
Vehumet
Wu Jian
Xom
The Shining One

Shops:
D:7 :([=

Portals:
Bailey: D:7

Annotations:
D:6 2 transporters, ioannis32's ghost, amateur DsBe


Innate Abilities, Weirdness & Mutations

You have sharp claws.
You have razor-sharp teeth.
You have supernaturally acute eyesight. (SInv)
You cover ground quickly. (Speed+)
You are covered in thick fur. (AC +2)
Your paws help you pounce on unaware monsters.
You are incapable of wielding weapons or throwing items.
You cannot wear armour.
You gain extra lives every three experience levels.


Message History

There is a stone staircase leading down here.
Found a stone staircase leading up.
An acid dragon comes into view.
An acid dragon is nearby!
An acid dragon is nearby!
Found 19 gold pieces.
You pounce on the unaware helpless acid dragon!
You eviscerate the acid dragon!!!!
You kill the acid dragon!
Trog accepts your kill.
The acid dragon scales are intact enough to wear.
Your Evocations skill increases to level 4!
You now have 746 gold pieces (gained 19).
Found 6 stones.
You now have 765 gold pieces (gained 19).
b - 5 potions of curing (gained 1)
A two-headed ogre comes into view.
It is wielding a +1 dire flail of protection and a +0 giant spiked club.
A two-headed ogre is nearby!
You see here a potion of haste.
A red film seems to cover your vision as you go berserk!
You feel yourself moving faster!
You feel mighty!
The two-headed ogre hits you with a +1 dire flail of protection!!
The two-headed ogre hits you with a +0 giant spiked club!!
You scratch the two-headed ogre.
The two-headed ogre is lightly wounded.
You claw the two-headed ogre! You bite the two-headed ogre.
The two-headed ogre is moderately wounded.
The two-headed ogre completely misses you. x2
You scratch the two-headed ogre.
The two-headed ogre is moderately wounded.
You claw the two-headed ogre! x2
You bite the two-headed ogre, but do no damage.
The two-headed ogre is severely wounded.
You barely miss the two-headed ogre.
You bite the two-headed ogre, but do no damage.
The two-headed ogre is severely wounded.
The two-headed ogre hits you with a +1 dire flail of protection!!
* * * LOW HITPOINT WARNING * * *
The two-headed ogre hits you with a +0 giant spiked club!
You die...

#............###.# #.#
#.........##.# #.# #.#
#.........##.# #[# #.#
#.........##.###.#####.# ####
###.......##.#.........# ...#
#....!..##.#.#.####### ##.#
#............#.# .#.#
###............#.####### ^..#
#.. .......@.......#.#......
..<#.#.#
#......O..##.#.#.#.####.
####.#.# #.........##.#.#.#.#
#.
.....#.#####.......##.#.#.#.#
#. ........#
#######.##.#.#.#.# #.
........# #....#.#.....####.
.####...# #....#.#..........
........# #....#.........###
....#...# #....#....####.#


You could see a two-headed ogre.

Vanquished Creatures
  A two-headed ogre (D:11)
  Pikel (D:5)
  A deep elf pyromancer (D:8)
  A cyclops (D:8)
  Joseph (D:8)
  3 trolls (D:10)
  Grinder (D:4)
  A slime creature (D:8)
  A shadow (D:9)
  Sigmund (D:3)
  7 yaks
  2 wyverns
  4 steam dragons
  5 water moccasins
  5 acid dragons
  Duvessa (D:6)
  2 orc warriors
  2 sky beasts
  A black bear (D:6)
  2 ice beasts
  2 ogres (D:5)
  4 centaurs
  A phantom (D:4)
  A lemure (D:5)
  A kobold brigand (D:5)
  2 bullfrogs
  6 scorpions
  A gnoll sergeant (D:9)
  14 wights
  Dowan (D:6)
  15 killer bees
  3 howler monkeys (D:8)
  2 hounds
  A jelly (D:6)
  7 orc priests
  2 sleepcaps
  5 iguanas
  8 orc wizards
  12 gnolls
  8 adders
  A shadow imp (D:7)
  A white imp (D:5)
  3 worms
  A dart slug (D:4)
  30 orcs
  6 endoplasms
  4 giant cockroaches
  10 goblins
  7 hobgoblins
  11 jackals
  8 quokkas
  5 ball pythons
  A bat (D:1)
  3 frilled lizards
  4 kobolds
  3 rats
237 creatures vanquished.

Notes
Turn   | Place    | Note
-------+----------+-------------------------------------------
     0 | D:1      | MisterFreud the Felid Berserker began the quest for the
                  | Orb.
     0 | D:1      | Reached XP level 1. HP: 10/10 MP: 2/2
   112 | D:1      | Reached skill level 1 in Stealth
   129 | D:1      | Reached XP level 2. HP: 10/14 MP: 3/3
   549 | D:1      | Reached XP level 3. HP: 17/17 MP: 4/4
   784 | D:2      | Found a faded altar of an unknown god.
  1205 | D:2      | Reached ** piety under Trog
  1609 | D:3      | Reached XP level 4. HP: 12/21 MP: 5/5
  1779 | D:3      | HP: 1/31 [orc priest/divine providence (7)]
  1781 | D:3      | Slain by an orc priest
  1782 | D:3      | Reached XP level 3. HP: -3/25 MP: 4/4
  1820 | D:3      | Found a shadowy altar of Dithmenos.
  1893 | D:3      | Found a broken altar of Ashenzari.
  1893 | D:3      | Noticed Sigmund
  1902 | D:3      | Reached XP level 4. HP: 21/21 MP: 5/5
  1985 | D:3      | Reached skill level 5 in Stealth
  2060 | D:3      | Killed Sigmund
  2061 | D:3      | Reached skill level 5 in Unarmed Combat
  2061 | D:3      | Reached XP level 5. HP: 20/24 MP: 6/6
  2108 | D:3      | Gained mutation: You are covered in thick fur. (AC +2)
                  | [Felid growth]
  2108 | D:3      | Reached XP level 6. HP: 28/28 MP: 7/7
  2322 | D:3      | Found an ornate altar of the Wu Jian Council.
  2333 | D:3      | Found a blossoming altar of Fedhas.
  2364 | D:4      | Identified the +5 quarterstaff "Igeimi Byaqi" {elec, rElec}
  2600 | D:4      | Reached skill level 5 in Dodging
  2747 | D:4      | Noticed Grinder
  2759 | D:4      | Killed Grinder
  2760 | D:4      | Reached skill level 7 in Dodging
  2760 | D:4      | Reached XP level 7. HP: 12/31 MP: 8/8
  3084 | D:5      | Entered Level 5 of the Dungeon
  3095 | D:5      | Reached *** piety under Trog
  3251 | D:5      | Reached skill level 8 in Dodging
  3494 | D:5      | Found a shimmering altar of Xom.
  3496 | D:5      | Found a stormy altar of Qazlal.
  3497 | D:5      | Noticed an air elemental
  3498 | D:5      | Noticed a fire elemental
  3498 | D:5      | Noticed a water elemental
  3636 | D:5      | Reached skill level 9 in Dodging
  3718 | D:5      | Reached XP level 8. HP: 34/34 MP: 9/9
  4058 | D:5      | Reached skill level 10 in Dodging
  4085 | D:5      | Reached skill level 5 in Fighting
  4381 | D:5      | Noticed Pikel
  4402 | D:5      | Killed Pikel
  4747 | D:6      | Reached XP level 9. HP: 27/41 MP: 10/10
  4962 | D:6      | Noticed ioannis32's ghost (amateur DsBe)
  5161 | D:6      | Reached skill level 11 in Dodging
  5161 | D:6      | Found a transporter.
  5173 | D:6      | Noticed Dowan
  5174 | D:6      | Noticed Duvessa
  5180 | D:6      | Killed Dowan
  5191 | D:6      | Killed Duvessa
  5277 | D:6      | Found a transporter.
  5383 | D:6      | Found a staircase to the Ecumenical Temple.
  5595 | D:7      | HP: 1/61 [centaur/arrow (15)]
  5645 | D:7      | Found a flagged portal.
  5656 | D:7      | Found Xaggorph's Jewellery Boutique.
  5850 | D:7      | Found Tioles's Armour Boutique.
  5853 | D:7      | Found Emuomo's Weapon Emporium.
  5862 | D:7      | Reached skill level 12 in Dodging
  6008 | D:7      | Found Meimusah's Book Shop.
  6034 | D:7      | Reached XP level 10. HP: 45/45 MP: 11/11
  6177 | D:7      | Reached skill level 10 in Stealth
  6205 | D:7      | Found a sacrificial altar of Ru.
  6327 | D:8      | Reached **** piety under Trog
  6414 | D:8      | Noticed a deep elf pyromancer
  6430 | D:8      | Slain by a fire elemental
  6431 | D:8      | Reached XP level 9. HP: 0/41 MP: 10/10
  6661 | D:8      | Found a white marble altar of Elyvilon.
  6662 | D:8      | Found an opulent altar of Gozag.
  6662 | D:8      | Found a hide-covered altar of Uskayaw.
  6664 | D:8      | Found a glowing golden altar of the Shining One.
  6664 | D:8      | Found a shimmering blue altar of Sif Muna.
  6703 | D:8      | HP: 1/41 [fire elemental[a deep elf pyromancer] (14)]
  6733 | D:8      | HP: 2/61 [deep elf pyromancer/+0 long sword (12)]
  6734 | D:8      | Slain by a killer bee
  6735 | D:8      | Reached XP level 8. HP: -1/57 MP: 9/9
  6743 | D:8      | Noticed a cyclops
  6752 | D:8      | Killed a cyclops
  6753 | D:8      | Reached skill level 10 in Unarmed Combat
  6778 | D:8      | Noticed a slime creature
  6827 | D:8      | Killed a slime creature
  6828 | D:8      | Reached XP level 9. HP: 42/42 MP: 10/10
  6843 | D:8      | HP: 1/42 [deep elf pyromancer/bolt of fire (34)]
  6844 | D:8      | Killed a deep elf pyromancer
  7048 | D:8      | Noticed Joseph
  7051 | D:8      | Killed Joseph
  7723 | D:9      | Found a radiant altar of Vehumet.
  7746 | D:9      | Reached XP level 10. HP: 38/49 MP: 11/11
  8171 | D:9      | Found a staircase to the Lair.
  8288 | D:10     | Entered Level 10 of the Dungeon
  8400 | D:10     | Reached skill level 10 in Fighting
  8508 | D:10     | Reached skill level 1 in Evocations
  9111 | D:11     | Noticed a two-headed ogre
  9121 | D:11     | Killed a two-headed ogre
  9284 | D:11     | Noticed a two-headed ogre
  9294 | D:11     | HP: 3/76 [two-headed ogre/+1 dire flail of protection (22)]
  9294 | D:11     | Mangled by a two-headed ogre

Illustrated notes

Levels and vault maps discovered:
D:1:      roderic_crossed_star, layout_basic
D:2:      minmay_skewed_foursquare, layout_loops_ring,
          hellmonk_ecumenical_altar_zigzags
D:3:      layout_basic, nicolae_ashenzari_skybound,
          amethyst_overflow_temple_binary, grunt_dithmenos_smoke,
          minmay_misc_feat_rows, kennysheep_flooded_box, uniq_sigmund
D:4:      layout_basic, uniq_grinder
D:5:      minmay_diamond_boxcup, layout_basic, nicolae_qazlal_style_of_elements,
          lemuel_crystal_altar, uniq_pikel
D:6:      layout_gridville, temple_hall_moat, gammafunk_ghost_arena,
          uniq_duvessa
D:7:      layout_cave_pools, mainiacjoe_overflow_cross_hatched, serial_shops,
          shop, shop, nicolae_shop_waterfront, nicolae_shop_tiny_statue_garden,
          enter_bailey_2, kennysheep_nondescript
D:8:      layout_loops_ring, grunt_temple_overflow_open,
          hangedman_minor_gate_pass, uniq_joseph
D:9:      layout_loops_ring, nicolae_vehumet_radiance, lair_entry_dummy
D:10:     layout_basic
D:11:     layout_basic, uniq_erolcha

Skill      XL: |  1  2  3  4  5  6  7  8  9 10 |
---------------+-------------------------------+-----
Stealth        | 1 2 3 6 7 9 10 | 10.0
Unarmed Combat | 4 5 6 10 8 9 | 10.0
Dodging        | 7 9 10 12 | 12.9
Fighting       | 6 9 10 | 10.0
Evocations     | 4 |  4.0

Action                     |  1- 3 |  4- 6 |  7- 9 | 10-12 || total
---------------------------+-------+-------+-------+-------++-------
  Melee: Unarmed           |   130 |    78 |   394 |   132 ||   734
         Bite              |     9 |    12 |    42 |    11 ||    74
         Punch             |     2 |     1 |    18 |     4 ||    25
 Invoke: Berserk           |     1 |     3 |    13 |     6 ||    23
         Trog's Hand       |       |       |     4 |     4 ||     8
  Evoke: Wand              |       |       |     1 |     1 ||     2
    Use: Scroll            |     6 |     2 |    12 |     2 ||    22
         Potion            |       |       |     5 |       ||     5
   Stab: Sleeping          |     8 |     9 |    25 |    16 ||    58
         Distracted        |       |     1 |     1 |       ||     2
 Armour: Skin              |     6 |     4 |    16 |     6 ||    32
  Dodge: Dodged            |   114 |    37 |   402 |   127 ||   680
